 Dungeon Crawl Stone Soup version 0.30-a0-782-ge64f9170bb (webtiles) character file.

Game seed: 13695933582177181558

3836 Leeroy the Carver (level 10, -2/50 HPs)
             Began as a Vine Stalker Warper on Feb 18, 2023.
             Was a Believer of Wu Jian.
             Slain by a hornet (6 damage)
             ... on level 8 of the Dungeon on Feb 19, 2023.
             The game lasted 00:10:22 (6869 turns).

Leeroy the Carver (Vine Stalker Warper)             Turns: 6869, Time: 00:10:23

Health: -2/50      AC:  6    Str: 14    XL:     10   Next: 18%
Magic:  0/21       EV: 13    Int: 13    God:    Wu Jian [**....]
Gold:   143        SH:  0    Dex: 18    Spells: 14/23 levels left

rFire   . . .      SeeInvis .    y - +2 short sword (elec)
rCold   . . .      Faith    .    (no shield)
rNeg    . . .      Spirit   +    O - +0 troll leather armour
rPois   .          Reflect  .    t - +0 helmet
rElec   .          Harm     .    H - scarf {shadows}
rCorr   .          Rampage  .    (no gloves)
Will    +....                    z - +0 pair of boots
Stlth   +                        (no amulet)
HPRegen 1.88/turn                g - +4 ring of slaying
MPRegen 0.17/turn                (no ring)

@: lethally poisoned (-2 -> -9), slowed, very slow
A: fangs 3, regeneration 1, magic shield, antimagic bite, no potion heal 2
a: Renounce Religion, Wall Jump


You were on level 8 of the Dungeon.
You worshipped Wu Jian.
Wu Jian was pleased with you.
You visited 2 branches of the dungeon, and saw 9 of its levels.

You collected 344 gold pieces.
You spent 201 gold pieces at shops.

Inventory:

Hand Weapons
 j - a +1 short sword of flaming
 l - the +9 mace of Desertification {antimagic, Fragile rC+ Str+3}
   (You found it on level 2 of the Dungeon)

   Str:       It affects your strength (+3).
   rC:        It protects you from cold.
   Fragile:   It will be destroyed if unequipped.
 s - a +2 dagger of venom
 y - a +2 short sword of electrocution (weapon)
 F - a +1 heavy long sword
Missiles
 d - 7 boomerangs of dispersal (quivered)
 r - 8 poisoned darts
 C - a throwing net
 K - 4 boomerangs
 L - 3 curare-tipped darts
Armour
 b - a +0 leather armour
 t - a +0 helmet (worn)
 z - a +0 pair of boots (worn)
 H - a scarf of shadows (worn)
 O - a +0 troll leather armour (worn)
Magical Staves
 I - a staff of cold
 J - a staff of poison
Jewellery
 g - a +4 ring of slaying (left hand)
 N - a ring of see invisible
Wands
 u - a wand of mindburst (9)
Scrolls
 c - 2 scrolls of blinking
 e - 4 scrolls of noise {unknown}
 i - 8 scrolls of identify {unknown}
 m - 2 scrolls of amnesia {unknown}
 n - 5 scrolls of teleportation {unknown}
 q - 3 scrolls of magic mapping {unknown}
 w - 2 scrolls of poison {unknown}
 x - a scroll of enchant weapon {unknown}
 B - a scroll of immolation {unknown}
 G - a scroll of fog {unknown}
Potions
 a - a potion of degeneration {unknown}
 f - 3 potions of heal wounds {unknown}
 h - 2 potions of brilliance {unknown}
 k - 2 potions of haste {unknown}
 o - 2 potions of mutation {unknown}
 p - a potion of curing {unknown}
 v - 2 potions of flight {unknown}
 A - a potion of magic {unknown}
 D - a potion of attraction {unknown}
 E - a potion of invisibility {unknown}
 M - a potion of ambrosia {unknown}


   Skills:
 - Level 4.3 Fighting
 - Level 10.1 Long Blades
 - Level 0.8 Throwing
 - Level 0.7 Armour
 - Level 4.2 Dodging
 + Level 7.2 Spellcasting
 - Level 3.0 Translocations


You had 14 spell levels left.
You knew the following spells:

 Your Spells              Type           Power      Damage    Failure   Level
a - Blink                 Tloc           24%        N/A       9%          2
b - Vhi's Electric Charg  Tloc/Air       16%        N/A       30%         3
c - Manifold Assault      Tloc           12%        N/A       50%         4

Your spell library contained the following spells:

 Spells                   Type           Power      Damage    Failure   Level
 Lesser Beckoning         Tloc           24%        N/A       9%          2
 Teleport Other           Tloc           12%        N/A       17%         3
 Kindle Blastsparks       Fire/Tloc/Air  14%        2d11      36%         3
 Inner Flame              Hex/Fire       4%         N/A       50%         3
 Ozocubu's Armour         Ice            4%         N/A       50%         3
 Iskenderun's Mystic Bla  Conj/Tloc      8%         2d4       71%         4
 Cause Fear               Hex            2%         N/A       88%         4
 Flame Wave               Conj/Fire      4%         2d5       88%         4
 Fulminant Prism          Conj/Hex       2%         3d5       88%         4
 Sticky Flame             Conj/Fire      4%         2d3       88%         4
 Lee's Rapid Deconstruct  Erth           2%         3d4*      99%         5
 Metabolic Englaciation   Hex/Ice        2%         N/A       99%         5
 Simulacrum               Ice/Necr       2%         N/A       100%        6
 Ozocubu's Refrigeration  Ice            2%         4d7       100%        7
 Discord                  Hex            2%         N/A       100%        8


Dungeon Overview and Level Annotations

Branches:
Dungeon (8/15)             Temple (1/1) D:4
   Lair: D:8-11

Altars:
Ashenzari
Cheibriados
Dithmenos
Elyvilon
Fedhas
Gozag
Hepliaklqana
Kikubaaqudgha
Makhleb
Nemelex Xobeh
Okawaru
Qazlal
Ru
Sif Muna
Trog
Uskayaw
Vehumet
Wu Jian
Xom
Yredelemnul
Zin
The Shining One

Shops:
D:1 *!(=*   D:3 [

Annotations:
D:8 Amaemon, Gastronok


Innate Abilities, Weirdness & Mutations

You have razor-sharp teeth.
Your natural rate of healing is unusually fast.
When hurt, damage is shared between your health and your magic reserves.
Your bite disrupts and absorbs the magic of your enemies.
Potions cannot restore your health.


Message History

The orc warrior is severely wounded.
The orc warrior hits you with a +0 glaive!
You hit the orc warrior but do no damage.
Lightning courses through the orc warrior!
You kill the orc warrior!
The Council accepts your kill.
No target in view!
No target in view!
Items here: )) [ †.
You see here a +0 whip.
There is an open door here.
You see here a yak skeleton.
Gastronok and a hornet come into view.
Found a bubbling grey potion.
The hornet buzzes angrily.
Gastronok looks at you and mumbles some strange words.
You feel yourself slow down.
The hornet moves out of view.
Found a stone staircase leading down.
The hornet stings you!
You feel as though you will be slow longer.
The hornet stings you!
You suddenly lose the ability to move!
You can move again.
You puncture Gastronok! You bite Gastronok!
Gastronok's magic leaks into the air.
You drain his magic.
You feel invigorated.
Gastronok is lightly wounded.
The hornet closely misses you. Gastronok bites you!!
* * * LOW HITPOINT WARNING * * *
You are too injured to fight recklessly!
The hornet attacks as you move away! The hornet stings you.
* * * LOW HITPOINT WARNING * * *
You are poisoned.
You feel as though you will be slow longer.
You feel very sick. The hornet stings you!
* * * LOW HITPOINT WARNING * * *
You are lethally poisoned!
You shrug off the repeated paralysis!
Gastronok mumbles some strange words.
The hornet stings you!
You die...

# #...............#.#..#..#
#.#
o###..[).........###)##.###
#.#
#z6##)..........##..#..#..#
#.###
sss###...<...###)..#..#..#
#.... ##
#######################....
........................
..####.############.... #.
...#.# #.... .>..#.#@##
#.... #!..wy..# #####
....#.#..# .. ......#
#..#.#.## #..#.#.# #. #.#.#
# #. .#


You could see Gastronok (magic disrupted) and a hornet.

Vanquished Creatures
  A troll (D:8)
  5 yaks
  A water moccasin (D:7)
  3 black bears
  3 orc warriors (D:8)
  An ice beast (D:6)
  2 sky beasts
  3 ogres
  2 centaurs
  A phantom (D:6)
  4 bullfrogs
  4 scorpions
  2 necrophages
  A wight (D:8)
  3 killer bees (D:7)
  A jelly (D:6)
  3 orc priests
  2 gnoll boudas
  3 hounds
  Jessica (D:3)
  3 iguanas
  3 orc wizards
  7 gnolls
  6 adders
  A shadow imp (D:3)
  A white imp (D:8)
  2 ufetubi
  3 worms
  A dart slug (D:4)
  30 orcs
  12 ball pythons
  7 endoplasms
  A giant cockroach (D:4)
  4 goblins (D:2)
  4 hobgoblins
  7 quokkas
  7 bats
  4 frilled lizards
  6 kobolds
  5 rats
160 creatures vanquished.

Notes
Turn   | Place    | Note
-------+----------+-------------------------------------------
     0 | D:1      | Leeroy the Vine Stalker Warper began the quest for the Orb.
     0 | D:1      | Reached XP level 1. HP: 11/11 MP: 4/4
    29 | D:1      | Reached skill level 2 in Long Blades
    72 | D:1      | Found Sech's Antique Weapon Emporium.
    77 | D:1      | Found Gacy's Assorted Antiques.
   153 | D:1      | Reached XP level 2. HP: 15/15 MP: 6/6
   505 | D:1      | Found Jeurgh's Jewellery Boutique.
   563 | D:1      | Found Xushredug's Assorted Antiques.
   651 | D:1      | Found Ehiejuo's Distillery.
   821 | D:2      | Reached skill level 3 in Long Blades
   821 | D:2      | Reached XP level 3. HP: 16/18 MP: 5/7
  1013 | D:2      | Identified the +9 mace of Desertification {antimagic,
                  | Fragile rC+ Str+3}
  1271 | D:2      | Identified the +1 ring mail "Higiorr" {Int+4}
  1364 | D:2      | Gained mutation: Your natural rate of healing is unusually
                  | fast. [Vine Stalker growth]
  1364 | D:2      | Reached XP level 4. HP: 22/23 MP: 6/8
  1525 | D:3      | Found Idezxilen's Armour Shoppe.
  1613 | D:3      | Found a snail-covered altar of Cheibriados.
  1615 | D:3      | Noticed Jessica
  1629 | D:3      | Killed Jessica
  1960 | D:3      | Reached XP level 5. HP: 24/26 MP: 6/9
  2121 | D:3      | Found a shimmering blue altar of Sif Muna.
  2121 | D:3      | Found a blossoming altar of Fedhas.
  2121 | D:3      | Found a basalt altar of Yredelemnul.
  2688 | D:4      | Reached XP level 6. HP: 30/30 MP: 10/10
  2785 | D:4      | Found a staircase to the Ecumenical Temple.
  2956 | Temple   | Entered the Ecumenical Temple
  2956 | Temple   | Found a transporter.
  2956 | Temple   | Found a transporter.
  2958 | Temple   | Found a transporter.
  2958 | Temple   | Found a transporter.
  2985 | Temple   | Became a worshipper of the Wu Jian Council
  3299 | D:4      | Learned a level 2 spell: Blink
  3303 | D:4      | Learned a level 3 spell: Vhi's Electric Charge
  3308 | D:4      | Learned a level 4 spell: Manifold Assault
  3316 | D:5      | Entered Level 5 of the Dungeon
  3486 | D:5      | Reached XP level 7. HP: 37/37 MP: 11/11
  3505 | D:5      | Reached skill level 4 in Long Blades
  3681 | D:5      | Reached skill level 5 in Long Blades
  3726 | D:5      | Gained mutation: You have razor-sharp teeth. [Vine Stalker
                  | growth]
  3726 | D:5      | Reached XP level 8. HP: 28/42 MP: 7/12
  3929 | D:5      | Reached skill level 6 in Long Blades
  4083 | D:6      | Reached skill level 7 in Long Blades
  4516 | D:6      | Reached skill level 8 in Long Blades
  4639 | D:6      | Reached * piety under Wu Jian
  4640 | D:6      | Reached XP level 9. HP: 40/45 MP: 13/13
  5164 | D:1      | Bought a glowing long sword for 201 gold pieces
  5498 | D:7      | Reached skill level 9 in Long Blades
  5524 | D:7      | Found a radiant altar of Vehumet.
  6234 | D:8      | Reached skill level 10 in Long Blades
  6237 | D:8      | Noticed Amaemon
  6237 | D:8      | Noticed an orange demon
  6439 | D:8      | Reached skill level 5 in Spellcasting
  6470 | D:8      | Reached ** piety under Wu Jian
  6560 | D:7      | Reached XP level 10. HP: 40/50 MP: 19/19
  6866 | D:8      | Noticed Gastronok
  6867 | D:8      | Paralysed by a hornet for 1 turns
  6869 | D:8      | Slain by a hornet

Illustrated notes

Levels and vault maps discovered:
D:1:      lemuel_arrival_muddy, layout_basic, serial_shops, nicolae_shop_stone,
          shop, nicolae_shop_hallway_stairs, shop, shop
D:2:      layout_loops_ring
D:3:      layout_loops_corners, mainiacjoe_overflow_paths,
          gammafunk_temple_overflow_forgotten, serial_shops, nicolae_shop_trees,
          uniq_jessica
D:4:      layout_loops_cross, minmay_temple_entry_hall, serial_forest,
          infiniplex_forest_lined_room_2, infiniplex_forest_lined_3,
          infiniplex_forest_end_1, infiniplex_forest_lined_corner
D:5:      layout_basic
D:6:      layout_layer_cave, minmay_quadrilaterals
D:7:      hellmonk_ruined_rings, layout_cave_pods,
          mainiacjoe_overflow_small_starburst
D:8:      minmay_s_stair_smasher, layout_basic, st_stairs_9, uniq_amaemon,
          uniq_gastronok
Temple:   hellmonk_temple_divided_pantheon

Skill      XL: |  1  2  3  4  5  6  7  8  9 10 |
---------------+-------------------------------+-----
Long Blades    | 2 3 5 8 10 | 10.1
Dodging        | 2 3 4 |  4.2
Fighting       | 4 |  4.3
Spellcasting   | 5 7 |  7.2
Throwing       | |  0.8
Armour         | |  0.7
Translocations | |  3.0

Action                     |  1- 3 |  4- 6 |  7- 9 | 10-12 || total
---------------------------+-------+-------+-------+-------++-------
  Melee: Falchion          |    34 |       |       |       ||    34
         Bite              |     9 |    39 |    59 |     8 ||   115
         Short sword       |    38 |    37 |   184 |    23 ||   282
         Punch             |     1 |       |     2 |     1 ||     4
         Dagger            |       |    87 |       |       ||    87
   Cast: Blink             |       |       |     1 |       ||     1
Ability: Lunge             |       |     2 |    24 |     2 ||    28
         Whirlwind         |       |       |     7 |     1 ||     8
    Use: Scroll            |       |       |     1 |       ||     1
   Stab: Sleeping          |     1 |     4 |       |       ||     5
 Armour: Leather armour    |    13 |    14 |    26 |     4 ||    57
  Dodge: Dodged            |    47 |    57 |    95 |     8 ||   207

Table legend: (Time is in decaauts)
 A = Elapsed time spent in this place.
 B = Non-inter-level travel time spent in this place.
 C = Inter-level travel time spent in this place.
 D = Time resting spent in this place.
 E = Time spent auto-exploring this place.
 F = Levels seen in this place.
 G = Mean time per level.
                   A        B        C        D        E       F      G
               +--------+--------+--------+--------+--------+-----+--------+
         Total |   6825 |   6326 |    499 |    146 |   5039 |   9 |  758.3 |
       Dungeon |   6777 |   6278 |    499 |    146 |   5039 |   8 |  847.1 |
        Temple |     47 |     47 |      0 |      0 |      0 |   1 |   47.0 |
               +--------+--------+--------+--------+--------+-----+--------+

Top non-repeatable levels by time:
     D:6: 1072 daAuts
     D:3: 995 daAuts
     D:7: 994 daAuts
     D:4: 878 daAuts
     D:1: 842 daAuts
     D:2: 728 daAuts
     D:5: 722 daAuts
     D:8: 542 daAuts
  Temple: 47 daAuts
